 Dungeon Crawl Stone Soup version 0.20.0-8-g6b59dc7 (webtiles) character file.

342 Britaniac the Firebug (level 6, -11/32 HPs)
             Began as a Deep Elf Fire Elementalist on May 31, 2017.
             Killed by divine providence
             ... invoked by an orc priest
              (17 damage)
             ... on level 4 of the Dungeon.
             The game lasted 00:09:05 (3219 turns).

Britaniac the Firebug (Deep Elf Fire Elementalist)  Turns: 3219, Time: 00:09:06

Health: -11/32     AC:  2    Str:  5      XL:     6   Next: 30%
Magic:  13/14      EV: 13    Int: 21 (22) God:
Gold:   196        SH:  0    Dex: 15      Spells: 13/14 levels left

rFire    . . .     SeeInvis .   (no weapon)
rCold    . . .     Gourm    .   (no shield)
rNeg     . . .     Faith    .   a - +0 robe
rPois    .         Spirit   .   (no helmet)
rElec    .         Reflect  .   (no cloak)
rCorr    .         Harm     .   (no gloves)
MR       .....                  (no boots)
Stlth    ++........             (no amulet)
Regen    0.1/turn               (no ring)
MPRegen  0.2/turn               (no ring)

@: no status effects
A: no striking features
a: no special abilities


You were on level 4 of the Dungeon.
You were not hungry.

You visited 1 branch of the dungeon, and saw 4 of its levels.

You collected 196 gold pieces.

Inventory:

Armour
 a - a +0 robe (worn)
 f - a +0 leather armour of fire resistance
Scrolls
 d - a scroll of amnesia {unknown}
 e - a scroll of random uselessness {unknown}
 i - a scroll of magic mapping {unknown}
 l - 2 scrolls of recharging {unknown}
 m - 3 scrolls of remove curse {unknown}
 n - a scroll of noise {unknown}
 o - a scroll of enchant armour {unknown}
 r - a scroll of identify {unknown}
Potions
 j - a potion of resistance {unknown}
 k - a potion of degeneration
 p - a potion of agility {unknown}
 q - a potion of mutation {unknown}
 t - a potion of haste
Books
 b - a book of Flames

   Spells                             Type                      Level
   a - Flame Tongue                   Conjuration/Fire             1
   b - Throw Flame                    Conjuration/Fire             2
   c - Conjure Flame                  Conjuration/Fire             3
   d - Inner Flame                    Hexes/Fire                   3
   e - Sticky Flame                   Conjuration/Fire             4
   f - Fireball                       Conjuration/Fire             5
Comestibles
 c - 3 bread rations
 g - 4 fruits
 s - 3 chunks of flesh


   Skills:
 - Level 2.4 Dodging
 - Level 2.4 Stealth
 + Level 4.6 Spellcasting
 * Level 4.6 Conjurations
 * Level 5.5 Fire Magic


You had 13 spell levels left.
You knew the following spells:

 Your Spells              Type           Power        Failure   Level  Hunger
a - Flame Tongue          Conj/Fire      ####.        1%          1    None


Dungeon Overview and Level Annotations

Branches:
Dungeon (4/15)
 Temple: D:4-7

Altars:
Nemelex Xobeh


Message History

Aim: an orc wizard, wielding a dagger and wearing a robe (lightly wounded)
The flame tongue hits the orc wizard.
The orc wizard is severely wounded.
The orc wizard closely misses you.
The orc priest calls down the wrath of Beogh upon you.
Beogh smites you!
* * * LOW HITPOINT WARNING * * *
The orc wizard mumbles some strange words.
The orc wizard seems to speed up.
The orc wizard mumbles some strange words.
The orc wizard flickers and vanishes!
Deactivating autopickup; reactivate with Ctrl-A.
You hear the slow hiss of an avalanche of sand nearby.
Okay, then.
The orc wizard casts a spell.
The orc wizard blinks!
The orc priest invokes the aid of Beogh against you.
Beogh smites you!
Ouch! That really hurt!
You die...

########### ..........#
........>.# ..........#
..........##########
...........ยง..o.@..#####
.........o########..<..#
..........# #######
..........# ..........#
########.## #o## #o.#
##.#


You could see an orc priest and an orc.

Vanquished Creatures
  A phantom (D:3)
  2 orc priests (D:3)
  An orc wizard (D:3)
  3 gnolls
  6 adders (D:3)
  2 oozes
  A worm (D:2)
  3 dart slugs
  A leopard gecko (D:3)
  9 orcs
  3 ball pythons
  5 giant cockroaches
  2 goblins (D:1)
  5 hobgoblins
  3 jackals (D:1)
  8 kobolds
  6 bats
  2 frilled lizards
  7 rats
70 creatures vanquished.

Notes
Turn   | Place    | Note
-------+----------+-------------------------------------------
     0 | D:1      | Britaniac the Deep Elf Fire Elementalist began the quest for the Orb.
     0 | D:1      | Reached XP level 1. HP: 10/10 MP: 6/6
   114 | D:1      | Reached XP level 2. HP: 15/15 MP: 5/8
   799 | D:1      | Reached XP level 3. HP: 19/19 MP: 3/9
  1089 | D:2      | Reached skill level 4 in Fire Magic
  1650 | D:2      | Found a sparkling altar of Nemelex Xobeh.
  1884 | D:3      | Reached XP level 4. HP: 24/24 MP: 3/11
  2394 | D:3      | Noticed a phantom
  2436 | D:3      | Killed a phantom
  2436 | D:3      | Reached skill level 5 in Fire Magic
  2436 | D:3      | Reached XP level 5. HP: 13/28 MP: 1/13
  2511 | D:3      | Reached XP level 6. HP: 23/32 MP: 6/14
  3219 | D:4      | Killed from afar by an orc priest

Skill      XL: |  1  2  3  4 |
---------------+-------------+-----
Conjurations   | 2 3 4 |  4.6
Fire Magic     | 4 5 |  5.5
Spellcasting   | 4 |  4.6
Dodging        | |  2.4
Stealth        | |  2.4

Action                   |  1- 3 |  4- 6 || total
-------------------------+-------+-------++-------
Melee: Unarmed           |     9 |     2 ||    11
 Cast: Flame Tongue      |    65 |    89 ||   154
  Use: Potion            |       |     5 ||     5
  Eat: Chunk             |     3 |     4 ||     7
Armor: Robe              |    12 |     2 ||    14
Dodge: Dodged            |    26 |    26 ||    52
